cohdb
Replays
Latest Replays
All Replays
Popular Replays
Top Player Replays
Match Explorer
How It Works
Community
CoH3 Stats
Reddit
Sign in to upload your games and track your stats! →
Sign in with Steam
Match 42108075
Unlisted
Match 42108075
Overview
Messages
Build Orders
End
Panzergrenadier Squad
Panzergrenadier Squad
Selects Armored Support Battlegroup
Construct Light Support Kompanie
MG34 Team
2.5-tonne Medical Truck
Fire Support Elements
le.IG 18 Mechanized Group
Pak 38 Anti-tank Gun Team
le.IG 18 Support Gun Team
MG34 Team
Construct Panzerarmee Kommand
Armored Reserves
Flak 36 Anti-tank Gun Team
Tiger Heavy Tank
Rapid Advance
Tungsten Core Ammunition
Leo Major
DrEvil85
Voodoo408
zoomy2
MDiesel
qUiBbLe WiBbLe
qEp
XDNTMFITM
0
0
Comments
sign in to comment!
No comments posted yet!